 Dungeon Crawl Stone Soup version 0.29.1-12-g30fa7ad0bf (webtiles) character file.

Game seed: 9889427549162495923

12066 wormed the Destroyer (level 11, -11/83 HPs)
             Began as a Gnoll Conjurer on Dec 26, 2022.
             Was a Believer of Vehumet.
             Mangled by a two-headed ogre
             ... wielding a +0 giant spiked club
              (26 damage)
             ... on level 10 of the Dungeon.
             The game lasted 00:36:19 (17206 turns).

wormed the Destroyer (Gnoll Conjurer)              Turns: 17206, Time: 00:36:19

Health: -11/83     AC: 11    Str:  7    XL:     11   Next: 87%
Magic:  9/23       EV: 13    Int: 28    God:    Vehumet [**....]
Gold:   740        SH:  0    Dex: 10    Spells: 11/27 levels left

rFire   . . .      SeeInvis .   v - staff of conjuration
rCold   . . .      Faith    .   (no shield)
rNeg    . . .      Spirit   .   a - +0 troll leather armour
rPois   .          Reflect  .   G - +0 helmet
rElec   .          Harm     .   z - +0 cloak
rCorr   .          Rampage  .   (no gloves)
Will    .....                   (no boots)
Stlth   +++.......              N - amulet of regeneration
HPRegen 1.83/turn               s - +6 ring of intelligence
MPRegen 0.18/turn               Q - +4 ring of protection

@: hasted, very quick
A: fangs 1, strong nose, distributed training
a: Renounce Religion


You were on level 10 of the Dungeon.
You worshipped Vehumet.
Vehumet was pleased with you.
You visited 2 branches of the dungeon, and saw 12 of its levels.
You also visited: Bailey.

You collected 740 gold pieces.

Inventory:

Missiles
 A - a throwing net
Armour
 a - a +0 troll leather armour (worn)
 z - a +0 cloak (worn)
 G - a +0 helmet (worn)
Magical Staves
 o - a staff of cold
 v - a staff of conjuration (weapon)
Jewellery
 d - a ring of ice
 k - an amulet of magic regeneration
 n - a ring of resist corrosion
 s - a +6 ring of intelligence (left hand)
 w - a ring of positive energy
 B - a ring of protection from cold
 D - a ring of positive energy
 N - an amulet of regeneration (around neck)
 Q - a +4 ring of protection (right hand)
 S - the ring of Axtot {Fire Str+5}
   (You found it on level 7 of the Dungeon)

   [ring of fire]

   It enhances your fire magic.
   Str:       It affects your strength (+5).
   rF:        It protects you from fire.
   rC:        It makes you vulnerable to cold.
 U - a ring of flight
 X - a +4 ring of slaying
Wands
 l - a wand of polymorph (21)
 E - a wand of paralysis (5)
 H - a wand of roots (6)
 R - a wand of light (17)
Scrolls
 c - 4 scrolls of teleportation
 e - 4 scrolls of immolation {unknown}
 f - 4 scrolls of amnesia {unknown}
 g - 3 scrolls of silence {unknown}
 m - 3 scrolls of enchant weapon
 p - 3 scrolls of blinking {unknown}
 t - 2 scrolls of enchant armour {unknown}
 x - a scroll of poison {unknown}
 y - a scroll of torment {unknown}
 F - 5 scrolls of fear {unknown}
 I - a scroll of noise {unknown}
 J - 2 scrolls of butterflies {unknown}
 O - 3 scrolls of magic mapping {unknown}
 V - 3 scrolls of identify
 W - a scroll of brand weapon {unknown}
 Y - a scroll of vulnerability {unknown}
Potions
 b - 3 potions of magic
 h - 2 potions of berserk rage
 i - a potion of might
 j - 2 potions of flight
 q - 7 potions of lignification
 r - 6 potions of mutation
 u - 5 potions of curing {unknown}
 C - 3 potions of attraction {unknown}
 K - a potion of brilliance
 L - 5 potions of heal wounds {unknown}
 M - a potion of degeneration {unknown}
 T - a potion of invisibility
 Z - a potion of resistance {unknown}


   Skills:
 + Level 6.9 Fighting
 + Level 6.9 Short Blades
 + Level 6.9 Long Blades
 + Level 6.9 Axes
 + Level 6.9 Maces & Flails
 + Level 6.9 Polearms
 + Level 6.9 Staves
 + Level 6.9 Ranged Weapons
 + Level 6.9 Throwing
 + Level 6.9 Armour
 + Level 8.4 Dodging
 + Level 8.2 Stealth
 + Level 6.9 Shields
 + Level 6.9 Unarmed Combat
 + Level 8.6 Spellcasting
 + Level 9.2 Conjurations
 + Level 5.7 Hexes
 + Level 5.7 Summonings
 + Level 5.7 Necromancy
 + Level 5.7 Translocations
 + Level 5.7 Transmutations
 + Level 5.7 Fire Magic
 + Level 5.7 Ice Magic
 + Level 5.7 Air Magic
 + Level 5.7 Earth Magic
 + Level 5.7 Poison Magic
 + Level 7.6 Invocations
 + Level 6.9 Evocations


You had 11 spell levels left.
You knew the following spells:

 Your Spells              Type           Power      Damage    Failure   Level
a - Magic Dart            Conj           100%       1d8       1%          1
b - Searing Ray           Conj           100%       2d8       1%          2
c - Fulminant Prism       Conj/Hex       34%        3d16      3%          4
d - Iskenderun's Mystic   Conj/Tloc      69%        2d14      3%          4
e - Fireball              Conj/Fire      34%        3d14      9%          5

Your spell library contained the following spells:

 Spells                   Type           Power      Damage    Failure   Level
 Ignite Poison            Fire/Tmut/Pois 44%        N/A       1%          3
 Apportation              Tloc           88%        N/A       1%          1
 Sandblast                Erth           88%        2d18      1%          1
 Slow                     Hex            100%       N/A       1%          1
 Ensorcelled Hibernation  Hex/Ice        88%        N/A       1%          2
 Passwall                 Tmut/Erth      36%        N/A       1%          2
 Confusing Touch          Hex            44%        N/A       1%          3
 Dazzling Flash           Conj/Hex       100%       N/A       1%          3
 Spider Form              Tmut/Pois      44%        N/A       1%          3
 Stone Arrow              Conj/Erth      100%       3d13      1%          3
 Vampiric Draining        Necr           44%        2d9       1%          3
 Anguish                  Hex/Necr       22%        N/A       6%          4
 Alistair's Intoxication  Tmut/Pois      29%        N/A       17%         5
 Starburst                Conj/Fire      34%        6d10      41%         6
 Ignition                 Fire           22%        3d8       100%        8


Dungeon Overview and Level Annotations

Branches:
Dungeon (11/15)            Temple (1/1) D:6            Lair (0/5) D:9
    Orc (0/2) D:10         Bailey (visited)

Altars:
Ashenzari
Elyvilon
Fedhas
Gozag
Hepliaklqana
Kikubaaqudgha
Nemelex Xobeh
Ru
Sif Muna
Trog
Uskayaw
Vehumet
Zin
The Shining One

Shops:
D:8 *


Innate Abilities, Weirdness & Mutations

You have very sharp teeth.
Your uncanny sense of smell can sniff out nearby items.
Your experience applies equally to all skills.


Message History

You hit the two-headed ogre but do no damage.
You blast the two-headed ogre!
You kill the two-headed ogre!
Vehumet accepts your kill.
Your surroundings suddenly seem different.
A troll comes into view.
You see here a +0 rapier.
Your extra speed is starting to run out.
You feel yourself slow down.
A two-headed ogre comes into view.
It is wielding two +0 giant spiked clubs.
The two-headed ogre shouts in stereo!
You hear a shout!
Found a stone staircase leading up.
An orc wizard comes into view. It is wielding a +0 dagger.
The orc wizard casts a spell at you.
You are confused.
There is a stone staircase leading up here.
In your confused state, you trip and fall back down the stairs.
The two-headed ogre hits you with a +0 giant spiked club!
The two-headed ogre closely misses you.
Unknown command.
The two-headed ogre hits you with a +0 giant spiked club!
The two-headed ogre barely misses you.
In your confused state, you trip and fall back down the stairs.
The troll bites you! The troll misses you. The troll claws you!
Unknown command.
The two-headed ogre hits you with a +0 giant spiked club!!
* * * LOW HITPOINT WARNING * * *
The two-headed ogre barely misses you. The troll completely misses you.
The troll claws you!
* * * LOW HITPOINT WARNING * * *
The troll claws you.
* * * LOW HITPOINT WARNING * * *
You climb upwards.
There is a stone staircase leading down here.
You feel yourself speed up.
You feel less confused. The troll misses you.
The troll claws you but does no damage. The troll closely misses you.
The two-headed ogre hits you with a +0 giant spiked club!!
You die...

#...#........#...#....#....#
#...'........#...######....#
#####........#.............#
.............#.............#
.............#.............#
.............#.......<.....#
.###.........#.........)...#
.#.#.........#.T.O........##
.#.#####.....#..@.........#
.#.....#.....#............#
.#.....#.....#####........#
.......#.........#........#
.......#.........#........#
..<....#.........#........#
.#'#####........##........#
.........###'#..#.........#
..)).....#...#..#.........#


You could see a two-headed ogre and a troll.

Vanquished Creatures
  4 two-headed ogres
  A cyclops (D:11)
  Joseph (D:8)
  The ghost of Midpoint the Reanimator, a novice DENe of Dithmenos (D:7)
  Psyche (D:9)
  3 kobold demonologists (D:10)
  A troll (D:9)
  A hornet (D:10)
  Sigmund (D:2)
  2 shadows
  6 spriggans (Bailey)
  2 wyverns (D:9)
  A wraith (D:11)
  3 vampire mosquitoes (D:11)
  Menkaure (D:4)
  A steam dragon (D:8)
  An acid dragon (Bailey)
  Edmund (D:4)
  A warg (D:10)
  A water moccasin (D:6)
  6 orc warriors
  2 ice beasts
  A black bear (D:6)
  7 ogres
  2 centaurs
  2 phantoms (D:6)
  2 kobold brigands
  3 bullfrogs
  A gnoll sergeant (D:5)
  5 wights (D:8)
  10 killer bees
  2 electric eels (D:9)
  7 howler monkeys
  2 hounds (D:7)
  7 orc priests
  A wyvern simulacrum (D:7)
  Crazy Yiuf (D:5)
  2 jellies
  2 gnoll boudas
  Jessica (D:2)
  An iguana (D:4)
  Natasha (thrice) (D:4)
  9 orc wizards
  A bullfrog simulacrum (D:7)
  A centaur simulacrum (D:7)
  12 gnolls
  10 adders
  5 white imps
  A howler monkey simulacrum (D:7)
  An ufetubus (D:5)
  3 worms
  4 dart slugs
  34 orcs
  12 ball pythons
  12 endoplasms
  6 giant cockroaches
  13 goblins
  12 hobgoblins
  3 jackals (D:2)
  12 kobolds
  5 quokkas
  2 bats
  4 frilled lizards
  6 rats
272 creatures vanquished.

Vanquished Creatures (others)
  153 fulminant prisms
  3 plants (D:3)
156 creatures vanquished.

Grand Total: 428 creatures vanquished

Notes
Turn   | Place    | Note
-------+----------+-------------------------------------------
     0 | D:1      | wormed the Gnoll Conjurer began the quest for the Orb.
     0 | D:1      | Reached XP level 1. HP: 13/13 MP: 6/6
   265 | D:1      | Reached XP level 2. HP: 19/19 MP: 4/7
   692 | D:1      | Reached skill level 5 in Spellcasting
   692 | D:1      | Reached XP level 3. HP: 20/25 MP: 0/9
   695 | D:1      | Learned a level 2 spell: Searing Ray
  1091 | D:1      | Found a faded altar of an unknown god.
  1500 | D:2      | Reached skill level 1 in Invocations
  1538 | D:2      | Noticed Jessica
  1632 | D:2      | Killed Jessica
  1633 | D:2      | Reached skill level 1 in Fighting
  1633 | D:2      | Reached skill level 1 in Short Blades
  1633 | D:2      | Reached skill level 1 in Long Blades
  1633 | D:2      | Reached skill level 1 in Axes
  1633 | D:2      | Reached skill level 1 in Maces & Flails
  1633 | D:2      | Reached skill level 1 in Polearms
  1633 | D:2      | Reached skill level 1 in Staves
  1633 | D:2      | Reached skill level 1 in Ranged Weapons
  1633 | D:2      | Reached skill level 1 in Throwing
  1633 | D:2      | Reached skill level 1 in Armour
  1633 | D:2      | Reached skill level 1 in Shields
  1633 | D:2      | Reached skill level 1 in Unarmed Combat
  1633 | D:2      | Reached skill level 1 in Evocations
  1633 | D:2      | Reached XP level 4. HP: 32/32 MP: 0/11
  1873 | D:2      | Reached skill level 1 in Hexes
  1873 | D:2      | Reached skill level 1 in Summonings
  1873 | D:2      | Reached skill level 1 in Necromancy
  1873 | D:2      | Reached skill level 1 in Translocations
  1873 | D:2      | Reached skill level 1 in Transmutations
  1873 | D:2      | Reached skill level 1 in Fire Magic
  1873 | D:2      | Reached skill level 1 in Ice Magic
  1873 | D:2      | Reached skill level 1 in Air Magic
  1873 | D:2      | Reached skill level 1 in Earth Magic
  1873 | D:2      | Reached skill level 1 in Poison Magic
  2384 | D:2      | Noticed Sigmund
  2391 | D:2      | Killed Sigmund
  2392 | D:2      | Reached XP level 5. HP: 24/38 MP: 2/12
  2392 | D:2      | Reached XP level 6. HP: 28/44 MP: 2/14
  2716 | D:2      | Reached skill level 5 in Dodging
  2831 | D:2      | Learned a level 4 spell: Fulminant Prism
  2836 | D:2      | Learned a level 4 spell: Iskenderun's Mystic Blast
  4005 | D:3      | Found a shimmering blue altar of Sif Muna.
  4511 | D:4      | Noticed Edmund
  4511 | D:4      | Noticed Menkaure
  4515 | D:4      | Killed Menkaure
  4519 | D:4      | Killed Edmund
  4520 | D:4      | Reached XP level 7. HP: 30/51 MP: 4/15
  4801 | D:4      | Reached skill level 5 in Stealth
  5105 | D:4      | Noticed Natasha
  5108 | D:4      | Killed Natasha
  5857 | D:4      | Noticed Natasha
  5866 | D:4      | Killed Natasha
  6287 | D:4      | Noticed Natasha
  6291 | D:4      | Killed Natasha
  6292 | D:4      | Reached XP level 8. HP: 50/58 MP: 11/16
  6355 | D:5      | Entered Level 5 of the Dungeon
  8125 | D:5      | Found a runed translucent door.
  8126 | D:5      | Noticed Crazy Yiuf
  8131 | D:5      | Killed Crazy Yiuf
  8928 | D:6      | Found a staircase to the Ecumenical Temple.
  9474 | D:6      | Reached XP level 9. HP: 65/65 MP: 13/18
  9890 | Temple   | Entered the Ecumenical Temple
  9921 | Temple   | Became a worshipper of Vehumet
  9997 | D:7      | Noticed Midpoint's ghost (novice DENe)
 10000 | D:7      | Reached skill level 8 in Conjurations
 10099 | D:7      | Found a runed translucent gate.
 10099 | D:7      | Found a runed translucent gate.
 10099 | D:7      | Found a runed translucent gate.
 10294 | D:7      | You fall into a shaft and drop 1 floor!
 10310 | D:8      | Found an opulent altar of Gozag.
 10482 | D:7      | Found a broken altar of Ashenzari.
 10494 | D:7      | Found a flagged portal.
 10544 | Bailey   | Entered a bailey
 10581 | Bailey   | Reached skill level 5 in Invocations
 10960 | Bailey   | Reached skill level 5 in Fighting
 10960 | Bailey   | Reached skill level 5 in Short Blades
 10960 | Bailey   | Reached skill level 5 in Long Blades
 10960 | Bailey   | Reached skill level 5 in Axes
 10960 | Bailey   | Reached skill level 5 in Maces & Flails
 10960 | Bailey   | Reached skill level 5 in Polearms
 10960 | Bailey   | Reached skill level 5 in Staves
 10960 | Bailey   | Reached skill level 5 in Ranged Weapons
 10960 | Bailey   | Reached skill level 5 in Throwing
 10960 | Bailey   | Reached skill level 5 in Armour
 10960 | Bailey   | Reached skill level 5 in Shields
 10960 | Bailey   | Reached skill level 5 in Unarmed Combat
 10960 | Bailey   | Reached skill level 5 in Evocations
 10960 | Bailey   | Reached XP level 10. HP: 74/74 MP: 15/20
 11125 | Bailey   | Noticed a two-headed ogre
 11143 | Bailey   | Killed a two-headed ogre
 11714 | D:7      | Killed Midpoint's ghost
 11951 | D:7      | Got the ring of Axtot {Fire Str+5}
 12003 | D:8      | Noticed Joseph
 12222 | D:8      | Reached * piety under Vehumet
 12222 | D:8      | Offered knowledge of Shock by Vehumet.
 12774 | D:8      | Killed Joseph
 13258 | D:8      | Found Ogroskyl's Assorted Antiques.
 13336 | D:9      | Noticed a two-headed ogre
 13345 | D:9      | Killed a two-headed ogre
 13362 | D:9      | Reached skill level 5 in Hexes
 13362 | D:9      | Reached skill level 5 in Summonings
 13362 | D:9      | Reached skill level 5 in Necromancy
 13362 | D:9      | Reached skill level 5 in Translocations
 13362 | D:9      | Reached skill level 5 in Transmutations
 13362 | D:9      | Reached skill level 5 in Fire Magic
 13362 | D:9      | Reached skill level 5 in Ice Magic
 13362 | D:9      | Reached skill level 5 in Air Magic
 13362 | D:9      | Reached skill level 5 in Earth Magic
 13362 | D:9      | Reached skill level 5 in Poison Magic
 13362 | D:9      | Reached XP level 11. HP: 81/81 MP: 1/22
 13745 | D:9      | Found a staircase to the Lair.
 13817 | D:9      | Noticed Psyche
 13824 | D:9      | Killed Psyche
 13988 | D:9      | Reached ** piety under Vehumet
 13988 | D:9      | Offered knowledge of Static Discharge by Vehumet.
 14135 | D:9      | Learned a level 5 spell: Fireball
 14711 | D:10     | Entered Level 10 of the Dungeon
 14711 | D:10     | Noticed a two-headed ogre
 14718 | D:10     | Reached skill level 9 in Conjurations
 14726 | D:10     | Killed a two-headed ogre
 14885 | D:10     | Found a glowing golden altar of the Shining One.
 15895 | D:10     | Found a staircase to the Orcish Mines.
 16296 | D:11     | Offered knowledge of Ignite Poison by Vehumet.
 16780 | D:11     | Noticed a cyclops
 16793 | D:11     | Killed a cyclops
 16798 | D:11     | Noticed a two-headed ogre
 17153 | D:11     | Killed a two-headed ogre
 17190 | D:11     | Noticed a two-headed ogre
 17206 | D:10     | Mangled by a two-headed ogre

Illustrated notes

Levels and vault maps discovered:
D:1:      kennysheep_arrival_forest, layout_basic,
          dilly_ecumenical_altar_fadedgnrine
D:2:      layout_loops_cross, uniq_sigmund, uniq_jessica
D:3:      layout_basic, lemuel_coloured_pillars_altar, chequers_big_river,
          grunt_decor_resistance, kennysheep_pointless_box
D:4:      wad_river_or_something, layout_loops_ring, enter_ossuary_5,
          uniq_edmund, uniq_menkaure, uniq_natasha
D:5:      layout_basic, serial_corexii_hall, corexii_hall_statues_i,
          corexii_hall_statues_t, uniq_crazy_yiuf_cottage
D:6:      layout_basic, minmay_temple_entry_purple_smoke
D:7:      layout_gridville, lemuel_doored_altar, enter_bailey_5,
          gammafunk_ghost_icy
D:8:      layout_rooms, grunt_gozag_breadcrumbs, serial_shops,
          nicolae_shop_behind_doors, uniq_joseph
D:9:      layout_basic, lair_entry_dummy, uniq_psyche
D:10:     layout_irregular_city, tso_metal_star, erik_orc_4
D:11:     layout_long_grid, nicolae_wu_jian_immortal_techniques
Temple:   mainiacjoe_temple_coin_purse

Skill      XL: |  1  2  3  4  5  6  7  8  9 10 11 |
---------------+----------------------------------+-----
Spellcasting   | 5 6 7 8 |  8.6
Invocations    | 1 2 3 4 5 6 7 |  7.6
Fighting       | 1 2 3 5 6 |  6.9
Short Blades   | 1 2 3 5 6 |  6.9
Long Blades    | 1 2 3 5 6 |  6.9
Axes           | 1 2 3 5 6 |  6.9
Maces & Flails | 1 2 3 5 6 |  6.9
Polearms       | 1 2 3 5 6 |  6.9
Staves         | 1 2 3 5 6 |  6.9
Ranged Weapons | 1 2 3 5 6 |  6.9
Throwing       | 1 2 3 5 6 |  6.9
Armour         | 1 2 3 5 6 |  6.9
Shields        | 1 2 3 5 6 |  6.9
Unarmed Combat | 1 2 3 5 6 |  6.9
Evocations     | 1 2 3 5 6 |  6.9
Hexes          | 1 2 3 4 5 |  5.7
Summonings     | 1 2 3 4 5 |  5.7
Necromancy     | 1 2 3 4 5 |  5.7
Translocations | 1 2 3 4 5 |  5.7
Transmutations | 1 2 3 4 5 |  5.7
Fire Magic     | 1 2 3 4 5 |  5.7
Ice Magic      | 1 2 3 4 5 |  5.7
Air Magic      | 1 2 3 4 5 |  5.7
Earth Magic    | 1 2 3 4 5 |  5.7
Poison Magic   | 1 2 3 4 5 |  5.7
Dodging        | 5 6 7 8 |  8.4
Stealth        | 5 6 7 8 |  8.2
Conjurations   | 8 9 |  9.2

Action                   |  1- 3 |  4- 6 |  7- 9 | 10-12 || total
-------------------------+-------+-------+-------+-------++-------
Melee: Unarmed           |     1 |       |       |       ||     1
       Dagger            |     3 |       |       |       ||     3
       Bite              |     1 |       |     1 |       ||     2
       Staff             |       |     2 |    17 |    20 ||    39
       Punch             |       |     1 |       |     1 ||     2
 Cast: Magic Dart        |    34 |       |     5 |     3 ||    42
       Searing Ray       |    13 |    45 |    42 |    25 ||   125
       Fulminant Prism   |       |       |    46 |   107 ||   153
       Iskenderun's Myst |       |       |     2 |     2 ||     4
  Use: Scroll            |       |       |       |     8 ||     8
       Potion            |       |       |       |     2 ||     2
Armor: Robe              |     1 |     2 |     8 |     1 ||    12
       Skin              |     2 |       |       |       ||     2
       Troll leather arm |       |       |       |     9 ||     9
Dodge: Dodged            |     9 |     8 |    37 |    42 ||    96
